 Dungeon Crawl Stone Soup version 0.18.1-2-ga659475 (webtiles) character file.

697208 shmeve the Slayer (level 27, -34/270 (271) HPs)
             Began as a Minotaur Fighter on May 9, 2016.
             Was the Champion of Trog.
             Killed from afar by an orb of fire (40 damage)
             ... with a fireball
             ... on level 5 of the Realm of Zot.
             The game lasted 03:05:32 (50934 turns).

shmeve the Slayer (Minotaur Fighter)               Turns: 50934, Time: 03:05:33

HP:   -34/270 (271) AC: 38    Str: 37    XL:     27
MP:   2/22          EV: 33    Int:  3    God:    Trog [******]
Gold: 7407          SH: 34    Dex: 26    Spells: 0 memorised, 26 levels left

rFire  . . .     SeeInvis .     X - +9 broad axe (vamp)
rCold  + . .     Gourm    .     b - +0 crystal plate armour of the Quahog {Dex+6}
rNeg   . . .     Faith    .     x - +4 large shield "Lyunnesk" {rC+}
rPois  .         Spirit   .     (helmet restricted)
rElec  .         Dismiss  .     W - +1 cloak of Syhaeh {Str+4}
rCorr  .         Reflect  .     k - +2 pair of gloves
SustAt .         Harm     .     m - +1 pair of boots of an ossuary {Dex+7}
MR     ++++.     Clarity  +     h - amulet of regeneration
Stlth  ..........               P - +5 ring of slaying
                                a - ring of Shaolin {EV+8}

@: very slightly contaminated, regenerating, hasted, very quick, incredibly
resistant to hostile enchantments, extremely unstealthy
A: retaliatory headbutt, horns 2, yellow scales 1, agile 1, clarity,
deterioration 1, dopey 1, screaming 1, slow regeneration 1, MP-powered wands
a: Berserk, Trog's Hand, Brothers in Arms, Burn Spellbooks, Renounce Religion
0: Orb of Zot
}: 3/15 runes: decaying, serpentine, silver


You were on level 5 of the Realm of Zot.
You worshipped Trog.
Trog was exalted by your worship.
You were full.

You visited 10 branches of the dungeon, and saw 52 of its levels.
You visited the Abyss 2 times.
You visited 1 ziggurat, and saw 10 of its levels.
You also visited: Labyrinth.

You collected 8105 gold pieces.
You spent 698 gold pieces at shops.

Inventory:

Hand Weapons
 X - a +9 vampiric broad axe (weapon)
Missiles
 B - 2 steel javelins (quivered)
 E - 15 poisoned javelins
 K - 4 javelins of penetration
 T - 31 javelins
Armour
 b - the +0 crystal plate armour of the Quahog (worn) {Dex+6}
   (You acquired it on level 8 of the Lair of Beasts)

   It affects your dexterity (+6).
 k - a +2 pair of gloves (worn)
 m - the +1 pair of boots of an ossuary (worn) {Dex+7}
   (You bought it in a shop on level 1 of the Vaults)

   It affects your dexterity (+7).
 x - the +4 large shield "Lyunnesk" (worn) {rC+}
   (You found it on level 2 of the Abyss)

   It protects you from cold.
 W - the +1 cloak of Syhaeh (worn) {Str+4}
   (You acquired it on level 4 of the Depths)

   It affects your strength (+4).
Jewellery
 a - the ring of Shaolin (left hand) {EV+8}
   (You found it on level 9 of a ziggurat)

   [ring of evasion]

   It affects your evasion (+8).
 h - an amulet of regeneration (around neck)
 t - a +4 ring of protection
 v - a +4 ring of evasion
 D - an uncursed ring of resist corrosion
 J - a +6 ring of dexterity
 P - a +5 ring of slaying (right hand)
 R - the ring of Atag {rPois rF+ MP+9 Str+4}
   (You found it on level 3 of the Elven Halls)

   [ring of magical power]

   It affects your strength (+4).
   It protects you from fire.
   It protects you from poison.
   It affects your magic capacity (+9).
 S - the ring of Oghuizen {rN+ MR+ Int+2 Dex+3 Stlth+}
   (You found it on level 3 of the Elven Halls)

   [ring of protection from magic]

   It affects your intelligence (+2).
   It affects your dexterity (+3).
   It protects you from negative energy.
   It affects your resistance to hostile enchantments.
   It makes you more stealthy.
Wands
 g - a wand of heal wounds (4/9)
 Q - a wand of lightning (4/15)
 Y - a wand of disintegration (5/24)
Scrolls
 c - 2 scrolls of blinking
 j - 33 scrolls of remove curse
 q - a scroll of holy word
 s - 11 scrolls of recharging
 y - 11 scrolls of fear
 z - a scroll of enchant weapon
 A - 7 scrolls of fog
 C - 18 scrolls of teleportation
 G - 4 scrolls of identify
 H - 4 scrolls of magic mapping
 N - a scroll of silence
 U - 2 scrolls of enchant armour
 V - a scroll of summoning
Potions
 d - 7 potions of might
 e - 3 potions of flight
 i - 2 potions of invisibility
 l - 22 potions of curing
 o - 5 potions of brilliance
 p - 9 potions of resistance
 u - 6 potions of cure mutation
 w - 4 potions of agility
 F - 3 potions of ambrosia
 I - 3 potions of magic
 L - 10 potions of heal wounds
 M - 2 potions of haste
 O - 2 potions of cancellation
Comestibles
 f - 26 bread rations
 n - 4 beef jerkies
 r - 32 meat rations


   Skills:
 * Level 26.6 Fighting
 * Level 26.6 Axes
 + Level 17.6 Throwing
 + Level 20.6 Armour
 + Level 19.0 Dodging
 * Level 26.5 Shields


You had 26 spell levels left.
You didn't know any spells.

Dungeon Overview and Level Annotations

Branches:
Dungeon (15/15)            Temple (1/1) D:4            Lair (8/8) D:8
  Swamp (4/4) Lair:3        Snake (4/4) Lair:6        Slime (0/6) Lair:7
    Orc (2/2) D:12            Elf (3/3) Orc:2        Vaults (5/5) D:13
  Crypt (0/3) Vaults:3     Depths (5/5) D:15            Zot (5/5) Depths:5

Altars:
Ashenzari
Cheibriados
Dithmenos
Elyvilon
Fedhas
Gozag
Kikubaaqudgha
Makhleb
Nemelex Xobeh
Okawaru
Pakellas
Qazlal
Ru
Sif Muna
Trog
Vehumet
Xom
Yredelemnul
Zin
The Shining One
Beogh
Jiyva

Shops:
D:7 ?   Orc:1 (   Orc:2 %(?:   Elf:2 :   Elf:3 ?   Snake:3 :   Vaults:1 [
Vaults:3 *   Vaults:4 :

Portals:
Hell: Depths:1 Depths:2 Depths:3 Depths:4 Depths:5
Abyss: Depths:3 Depths:4
Pandemonium: Depths:3


Innate Abilities, Weirdness & Mutations

You reflexively headbutt those who attack you in melee.
You have a pair of horns on your head.
You are partially covered in yellow scales (AC +2).
You are agile. (Dex +2)
You possess an exceptional clarity of mind.
Your body sometimes deteriorates upon taking damage.
You are dopey. (Int -2)
You occasionally shout uncontrollably at your foes.
You regenerate slowly when monsters are visible.
You expend magic power (3 MP) to strengthen your wands.


Message History

The orb of fire emits a lurid red light.
The bolt of fire misses the orb of fire.
The bolt of fire misses you.
You see here a moth of wrath corpse.
The orb of fire glows deep purple.
The fireball explodes!
The fireball engulfs you!
* * * LOW HITPOINT WARNING * * *
The orb of fire glows bright magenta.
The bolt of fire hits the orb of fire.
The orb of fire completely resists.
The bolt of fire misses you.
Drink which item? (? for menu, Esc to quit)
Okay, then.
Read which item? (? for menu, Esc to quit)
Your blink will be uncontrolled - continue anyway?
The Orb prevents control of your translocation!
You blink.
As you read the scroll of blinking, it crumbles to dust.
The orb of fire emits a lurid red light.
The fireball explodes!
The fireball engulfs you!
You die...

▓▓▓▓......^........▓
##▓...................
##.............^^.^.... ▓▓▓▓▓▓▓▓▓
#......................
▓.......▓▓▓.....^.....^..........
.........▓▓......§^..............
...L......▓4.*..†................
....†..2.L2..*.*...^............▓
.........4▓.....@................
.........▓▓....................,,
▓.....4.▓▓▓..^................,,,
▓▓▓▓▓▓▓▓▓ ▓..................,,,,
▓▓................,,,,,
▓▓▓.............,,,,,,
▓▓▓▓.........,,,,***
▓▓▓▓▓▓▓▓▓******


You could see 3 orbs of fire, an ancient lich, a shadow demon and an orange
demon.

Vanquished Creatures
  An orb of fire (Zot:5)
  An ancient lich (Zot:5)
  Mennas (Vaults:3)
  Mara (Vaults:2)
  2 pandemonium lords (Zig:8)
  A greater mummy (Zig:6)
  Sojobo (Depths:2)
  Margery (Depths:2)
  Norris (Depths:2)
  A caustic shrike (Depths:3)
  12 golden dragons
  5 Killer Klowns
  A curse toe (Zot:2)
  2 bone dragons
  Jorgrun (Vaults:1)
  2 electric golems (Zot:5)
  Rupert (Lair:5)
  15 tentacled monstrosities
  22 Orb Guardians (Zot:5)
  Asterion (Depths:2)
  5 deep elf master archers (Elf:3)
  4 deep elf blademasters (Elf:3)
  An acid blob (Zig:2)
  4 titans
  3 quicksilver dragons
  An eldritch tentacle (Zig:8)
  4 tentacled starspawn
  An Executioner (Abyss:3)
  7 death cobs
  3 thorn hunters
  6 sphinxes
  The ghost of Lightli the Brawler, an adept TrFi of Okawaru (D:15)
  9 storm dragons
  5 tengu reavers
  7 shadow dragons
  12 greater nagas
  5 fire giants
  8 draconian monks
  2 draconian knights
  Aizul (Snake:3)
  Maud (Lair:4)
  10 frost giants
  Donald (Vaults:2)
  A daeva (Abyss:5)
  3 iron dragons
  2 ghost moths
  8 deep elf sorcerers
  8 draconian zealots
  17 vault wardens
  4 draconian scorchers
  2 orc warlords (Orc:2)
  A balrug (Depths:3)
  14 draconian annihilators
  A cacodemon (Abyss:4)
  A spriggan defender (Depths:5)
  5 deep elf elementalists (Elf:3)
  14 ironheart preservers
  5 draconian shifters
  2 war gargoyles
  A reaper (Depths:3)
  20 very ugly things
  2 vampire knights (Depths:3)
  19 stone giants
  4 salamander stormcallers
  12 green draconians
  3 draconian callers
  20 white draconians
  An apis (shapeshifter) (Vaults:5)
  12 mottled draconians
  A chaos champion (Zig:8)
  3 deep elf demonologists
  13 red draconians
  11 deep elf annihilators
  2 dire elephants (Depths:4)
  15 purple draconians
  10 yellow draconians
  12 spark wasps
  9 black draconians
  2 merfolk javelineers
  A crystal guardian (Vaults:4)
  14 ettins
  A mummy priest (Zig:1)
  A merfolk impaler (Depths:5)
  4 deep elf death magi
  43 vault guards
  13 fire dragons
  A fire dragon (shapeshifter) (Zig:5)
  25 yaktaur captains
  Erolcha (D:9)
  17 great orbs of eyes
  A minotaur (Lab)
  31 naga warriors
  5 deep elf high priests
  An ice dragon (shapeshifter) (Depths:3)
  24 ice dragons
  Josephine (Lair:5)
  6 entropy weavers
  8 rakshasas
  7 spriggan air magi
  25 hydras
  A ghost crab (Swamp:4)
  A death knight (Vaults:5)
  12 ogre magi
  15 centaur warriors
  A catoblepas (Lair:8)
  A spectral shadow dragon (Zig:10)
  26 dancing weapons
  7 anacondas
  An anaconda (shapeshifter) (Vaults:5)
  10 death yaks (Lair:8)
  11 alligators
  4 hell hogs (Abyss:5)
  18 deep troll shamans
  A tengu warrior (Depths:1)
  A vampire mage (Depths:1)
  6 shock serpents
  9 deep troll earth magi
  5 orc high priests (Orc:2)
  19 naga sharpshooters
  22 hell knights
  2 spriggan berserkers
  6 thrashing horrors
  5 skeletal warriors (Vaults:1)
  3 wretched stars
  3 iron trolls
  Sonja (Lair:4)
  24 deep elf knights
  A fire crab (shapeshifter) (D:13)
  4 shadow wraiths
  2 death drakes
  5 giant orange brains
  2 unseen horrors
  4 salamander mystics
  2 sea snakes (Snake:4)
  2 spriggan druids
  A death scarab (Zig:6)
  37 deep trolls
  18 ironbrand convokers
  7 flayed ghosts
  12 swamp dragons
  3 shambling mangroves
  9 naga ritualists
  69 deep elf magi
  2 tengu zombies (Vaults:3)
  18 orc knights
  11 necromancers
  2 lindwurms (Depths:5)
  7 hill giants
  8 harpies (Vaults:3)
  25 deep elf archers
  A harpy (shapeshifter) (Depths:2)
  3 mana vipers
  4 wolf spiders
  9 griffons
  3 hornets (shapeshifter)
  An orb spider (shapeshifter) (Depths:3)
  13 salamanders
  22 ugly things
  A human zombie (Vaults:3)
  A shadow dragon skeleton (Zig:4)
  8 orc sorcerers
  2 wizards
  9 cyclopes
  6 hornets
  3 sixfirhies
  A worldbinder (Abyss:2)
  16 moths of wrath
  2 salamanders (shapeshifter)
  An octopode (shapeshifter) (Vaults:2)
  18 vault sentinels
  A guardian serpent (shapeshifter) (Abyss:5)
  A manticore (D:14)
  4 elephants
  A human skeleton (Vaults:3)
  A rust devil (Depths:3)
  4 centaur zombies
  7 guardian serpents
  37 black mambas
  2 apocalypse crabs (Zig:8)
  6 orange demons
  A torpor snail (Lair:6)
  19 spiny frogs
  A stone giant skeleton (Zig:6)
  2 frost giant skeletons
  22 naga magi
  3 rime drakes
  An elf zombie (Zig:4)
  3 hellions
  10 kobold demonologists
  A rime drake (shapeshifter) (Vaults:5)
  3 efreet
  4 freezing wraiths
  12 komodo dragons
  54 yaktaurs
  A tormentor (Zig:4)
  A komodo dragon (shapeshifter) (Vaults:5)
  A spriggan skeleton (Zig:6)
  2 guardian mummies (Zig:6)
  A hellwing (Abyss:2)
  An ice devil (Depths:3)
  5 red devils
  3 tengu conjurers
  A merfolk (D:12)
  2 jumping spiders
  A polar bear (shapeshifter) (Depths:1)
  12 trolls
  3 ancient zymes
  14 giant leeches
  A wind drake (Depths:5)
  31 blink frogs
  15 two-headed ogres
  12 slime creatures
  4 polar bears
  A slime creature (shapeshifter) (Vaults:5)
  7 bog bodies
  3 raiju
  A hornet zombie (D:11)
  12 large abominations
  20 redbacks
  16 starcursed masses
  2 boulder beetles
  3 spriggans
  4 tarantellas
  8 wraiths
  3 ynoxinuls
  17 water elementals
  15 air elementals
  3 shadows
  18 humans (D:13)
  36 yaks
  A vampire (D:15)
  2 wyverns
  5 basilisks
  2 fire bats (Abyss:2)
  Eustachio (D:4)
  A tarantella (shapeshifter) (Vaults:5)
  2 chaos spawn
  2 fire elementals
  A hog (shapeshifter) (Vaults:1)
  3 steam dragons
  2 yaks (shapeshifter)
  9 hippogriffs
  41 vampire mosquitoes
  2 hungry ghosts
  11 wargs
  4 mottled dragons
  19 swamp worms
  An insubstantial wisp (Zig:9)
  A soldier ant (D:13)
  53 nagas
  24 water moccasins
  9 porcupines
  A hell hound (Depths:3)
  2 phantoms
  A fire dragon simulacrum (Abyss:2)
  69 orc warriors
  14 ice beasts
  22 swamp drakes
  4 eyes of draining
  2 black bears
  5 boggarts (Vaults:1)
  6 wasps
  42 ogres
  21 wolves
  15 crocodiles
  29 centaurs
  6 small abominations
  Blork the orc (D:4)
  8 big kobolds
  17 giant frogs
  A boulder beetle zombie (Vaults:3)
  4 scorpions
  A human simulacrum (Vaults:2)
  18 killer bees
  A wight (D:14)
  7 electric eels
  6 howler monkeys
  11 crimson imps
  4 giant frog zombies
  3 quasits
  9 hounds
  43 orc priests
  3 centaur skeletons
  4 jellies
  29 orc wizards
  2 iron imps
  2 giant frog skeletons (D:7)
  Ijyb (D:3)
  24 hell rats
  10 iguanas
  12 worker ants
  A boulder beetle simulacrum (Vaults:1)
  A killer bee zombie (D:11)
  25 sheep
  A hound skeleton (D:8)
  A hound zombie (D:7)
  6 mummies
  7 gnolls
  14 adders
  73 river rats
  5 shadow imps
  3 white imps
  5 ufetubi
  An ooze (D:2)
  An adder skeleton (D:7)
  3 worms (D:2)
  4 dart slugs
  7 giant geckos
  164 orcs
  14 bats
  3 giant cockroaches
  5 goblins
  4 hobgoblins
  4 jackals
  5 quokkas
  5 ball pythons
  5 giant newts
  34 kobolds
  A quokka zombie (D:7)
  27 rats
  A rat (shapeshifter) (Vaults:5)
  5 briar patches (Swamp:2)
  7 crawling corpses (Vaults:5)
  8 fungi
  12 plants
  4 starspawn tentacles
2856 creatures vanquished.

Vanquished Creatures (collateral kills)
  An orc knight (Vaults:2)
  A vampire mosquito (Vaults:2)
  A warg (Vaults:2)
3 creatures vanquished.

Vanquished Creatures (others)
  An eldritch tentacle (Zig:8)
  A frost giant (Vaults:4)
  2 draconian scorchers
  A white draconian (Zot:3)
  A deep elf knight (Elf:1)
  An unseen horror (Vaults:1)
  A necromancer (D:13)
  A wizard (D:13)
  A spiny frog (Zig:9)
  A troll (D:13)
  A bog body (Zig:9)
  2 water elementals (Depths:1)
  A naga (Snake:1)
  An ogre (Vaults:2)
  An ice dragon simulacrum (Abyss:5)
  A centaur (Depths:3)
  A ball python (D:6)
  A kobold (Vaults:1)
  A bush (D:6)
  124 eldritch tentacle segments (Zig:8)
  6 fungi
  A lurking horror (Abyss:2)
  19 plants
  7 starspawn tentacles (Abyss:5)
  83 starspawn tentacle segments
261 creatures vanquished.

Grand Total: 3120 creatures vanquished

Notes
Turn   | Place    | Note
--------------------------------------------------------------
     0 | D:1      | shmeve the Minotaur Fighter began the quest for the Orb.
     0 | D:1      | Reached XP level 1. HP: 19/19 MP: 0/0
   330 | D:1      | Reached XP level 2. HP: 27/27 MP: 1/1
   917 | D:1      | Reached XP level 3. HP: 33/33 MP: 2/2
  1121 | D:2      | Reached skill level 1 in Throwing
  1280 | D:2      | Found a sacrificial altar of Ru.
  1676 | D:2      | Reached skill level 1 in Dodging
  1676 | D:2      | Reached XP level 4. HP: 33/40 MP: 3/3
  2127 | D:3      | Reached XP level 5. HP: 47/47 MP: 4/4
  2139 | D:3      | Found a roughly hewn altar of Beogh.
  2146 | D:3      | Reached skill level 5 in Shields
  2291 | D:3      | Noticed Ijyb
  2339 | D:3      | Killed Ijyb
  2339 | D:3      | Reached skill level 5 in Fighting
  2339 | D:3      | Reached XP level 6. HP: 55/56 MP: 5/5
  2600 | D:4      | Got a diamond-studded chain mail
  2611 | D:4      | Identified the +7 chain mail of the Ward {rPois Str-2 Int+3} (You found it on level 4 of the Dungeon)
  2647 | D:4      | Noticed Eustachio
  2667 | D:4      | Killed Eustachio
  2667 | D:4      | Reached XP level 7. HP: 57/61 MP: 6/6
  2823 | D:4      | Found a staircase to the Ecumenical Temple.
  2830 | D:4      | Noticed Blork the orc
  2851 | D:4      | Killed Blork the orc
  2856 | Temple   | Entered the Ecumenical Temple
  3062 | Temple   | Became a worshipper of Trog the Wrathful
  3389 | D:5      | Entered Level 5 of the Dungeon
  3401 | D:5      | Reached skill level 5 in Armour
  3409 | D:5      | Reached skill level 5 in Axes
  3943 | D:5      | Reached XP level 8. HP: 70/70 MP: 7/7
  4259 | D:6      | Found a shimmering altar of Xom.
  4259 | D:6      | Found a glowing silver altar of Zin.
  4260 | D:6      | Noticed an angel
  4308 | D:6      | Found a basalt altar of Yredelemnul.
  4659 | D:6      | Found a radiant altar of Vehumet.
  4697 | D:6      | Reached * piety under Trog
  4930 | D:7      | Found Wyoquock's Magic Scroll Shop.
  4935 | D:7      | Bought a scroll of identify for 26 gold pieces
  4935 | D:7      | Bought a scroll of remove curse for 39 gold pieces
  4935 | D:7      | Bought a scroll of magic mapping for 45 gold pieces
  4935 | D:7      | Bought a scroll of teleportation for 39 gold pieces
  4935 | D:7      | Bought a scroll of blinking for 97 gold pieces
  4968 | D:7      | Reached XP level 9. HP: 79/79 MP: 8/8
  5236 | D:7      | Found a snail-covered altar of Cheibriados.
  5241 | D:7      | Reached ** piety under Trog
  5559 | D:8      | Found a staircase to the Lair.
  5580 | Lair:1   | Entered Level 1 of the Lair of Beasts
  5583 | Lair:1   | Noticed a spiny frog
  5596 | Lair:1   | Killed a spiny frog
  5596 | Lair:1   | Reached *** piety under Trog
  5735 | Lair:1   | Found a dark tunnel.
  5746 | Lair:1   | Reached skill level 5 in Dodging
  5746 | Lair:1   | Reached XP level 10. HP: 87/90 MP: 9/9
  5777 | Lair:1   | Reached skill level 5 in Throwing
  6185 | Lair:1   | Received a gift from Trog
  6330 | Lair:2   | Noticed a spiny frog
  6336 | Lair:2   | Killed a spiny frog
  6341 | Lair:2   | Noticed a spiny frog
  6348 | Lair:2   | Killed a spiny frog
  6566 | Lair:2   | Noticed a seven-headed hydra
  6578 | Lair:2   | Killed a 12-headed hydra
  6578 | Lair:2   | Reached skill level 10 in Shields
  6752 | Lair:2   | Reached skill level 10 in Fighting
  6760 | Lair:2   | Noticed a spiny frog
  6764 | Lair:2   | Noticed an eight-headed hydra
  6767 | Lair:2   | Killed a spiny frog
  6787 | Lair:2   | Killed a 14-headed hydra
  6787 | Lair:2   | Reached XP level 11. HP: 100/100 MP: 10/10
  6880 | Lair:2   | Received a gift from Trog
  7117 | Lair:2   | Reached skill level 10 in Axes
  7596 | Lair:3   | Reached **** piety under Trog
  7664 | Lair:3   | Noticed a thorn hunter
  7677 | Lair:3   | Killed a thorn hunter
  7754 | Lair:3   | Noticed an eight-headed hydra
  7762 | Lair:3   | Killed an 11-headed hydra
  7815 | Lair:3   | Found a staircase to the Swamp.
  7882 | Lair:3   | Noticed a six-headed hydra
  7889 | Lair:3   | Killed a ten-headed hydra
  8162 | Lair:4   | Noticed Maud
  8199 | Lair:4   | Killed Maud
  8199 | Lair:4   | Reached XP level 12. HP: 49/110 MP: 11/11
  8297 | Lair:4   | Noticed Sonja
  8307 | Lair:4   | Killed Sonja
  8444 | Lair:4   | Noticed a seven-headed hydra
  8455 | Lair:4   | Killed a 13-headed hydra
  8567 | Lair:4   | Noticed a five-headed hydra
  8576 | Lair:4   | Killed a 12-headed hydra
  8795 | Lair:4   | Reached ***** piety under Trog
  8829 | Lair:4   | Received a gift from Trog
  9130 | Lair:5   | Noticed Rupert
  9141 | Lair:5   | Killed Rupert
  9368 | Lair:5   | Received a gift from Trog
  9457 | Lair:5   | Noticed Josephine
  9465 | Lair:5   | Reached XP level 13. HP: 119/119 MP: 12/12
  9469 | Lair:5   | Killed Josephine
 10184 | Lair:6   | Found a staircase to the Snake Pit.
 10192 | Lair:6   | Reached skill level 10 in Armour
 10253 | Lair:6   | Received a gift from Trog
 10363 | Lair:6   | Found a shimmering altar of Xom.
 10673 | Lair:6   | Received a gift from Trog
 11291 | Lair:7   | Received a gift from Trog
 11422 | Lair:7   | Found a viscous altar of Jiyva.
 11424 | Lair:7   | Found a staircase to the Slime Pits.
 11460 | Lair:7   | Received a gift from Trog
 11827 | Lair:7   | Got a spiked scale mail
 11838 | Lair:7   | Identified the cursed +1 scale mail of Elyvilon's Delight {+Inv Dex+2 SInv} (You found it on level 7 of the Lair of Beasts)
 11850 | Lair:8   | Entered Level 8 of the Lair of Beasts
 11935 | Lair:8   | Identified a scroll of acquirement
 11936 | Lair:8   | Got a bloodstained crystal plate armour
 11962 | Lair:8   | Identified the +0 crystal plate armour of the Quahog {Dex+6} (You acquired it on level 8 of the Lair of Beasts)
 12118 | Lair:8   | Reached XP level 14. HP: 129/129 MP: 13/13
 12573 | Lair:8   | Received a gift from Trog
 13170 | D:8      | Found a blossoming altar of Fedhas.
 13560 | D:8      | Received a gift from Trog
 13685 | D:8      | Found a deep blue altar of Sif Muna.
 13768 | D:9      | Reached ****** piety under Trog
 14544 | D:9      | Noticed Erolcha
 14551 | D:9      | Killed Erolcha
 14639 | D:10     | Entered Level 10 of the Dungeon
 14671 | D:10     | Received a gift from Trog
 15276 | D:10     | Cast into level 2 of the Abyss (an ogre mage)
 15361 | Abyss:2  | Noticed a tentacled starspawn
 15369 | Abyss:2  | Killed a tentacled starspawn
 15449 | Abyss:2  | Got a scorched large shield
 15460 | Abyss:2  | Identified the +4 large shield "Lyunnesk" {rC+} (You found it on level 2 of the Abyss)
 15530 | Abyss:2  | Received a gift from Trog
 15670 | Abyss:3  | Got a faintly glowing silver ring
 15691 | Abyss:3  | Got a faintly humming plate armour
 15692 | Abyss:3  | Identified the cursed +1 plate armour "Uramoam" {rF+} (You found it on level 3 of the Abyss)
 15701 | Abyss:3  | Identified the ring "Ziotis" {rCorr Fragile rC++ Str-2 Dex+3} (You found it on level 3 of the Abyss)
 15746 | Abyss:3  | Noticed a bone dragon
 15763 | Abyss:3  | Noticed an Executioner
 15775 | Abyss:3  | Killed a bone dragon
 15778 | Abyss:3  | Killed an Executioner
 15778 | Abyss:3  | Reached skill level 15 in Shields
 15811 | Abyss:3  | Noticed a brown very ugly thing
 15839 | D:10     | Escaped the Abyss
 15979 | D:10     | Received a gift from Trog
 16172 | D:11     | Reached XP level 15. HP: 135/139 MP: 14/14
 16274 | D:11     | Reached skill level 15 in Fighting
 16458 | D:11     | Received a gift from Trog
 16762 | D:12     | Found a staircase to the Orcish Mines.
 16820 | D:12     | Received a gift from Trog
 16878 | Orc:1    | Entered Level 1 of the Orcish Mines
 16886 | Orc:1    | Found a burning altar of Makhleb.
 16975 | Orc:1    | Found Ufuczoz's Antique Weapon Shop.
 17078 | Orc:2    | Entered Level 2 of the Orcish Mines
 17272 | Orc:2    | Received a gift from Trog
 17309 | Orc:2    | Reached skill level 15 in Axes
 17422 | Orc:2    | Received a gift from Trog
 17441 | Orc:2    | Found a staircase to the Elven Halls.
 17664 | Orc:2    | Reached skill level 10 in Dodging
 17830 | Orc:2    | Found a roughly hewn altar of Beogh.
 17871 | Orc:2    | Received a gift from Trog
 17924 | Orc:2    | Found Uxza Nur's Weapon Emporium.
 17987 | Orc:2    | Found Orphosk's Food Shoppe.
 17996 | Orc:2    | Reached skill level 10 in Throwing
 18109 | Orc:2    | Received a gift from Trog
 18155 | Orc:2    | Found a roughly hewn altar of Beogh.
 18168 | Orc:2    | Noticed an orc warlord
 18180 | Orc:2    | Found Osaps's Book Shop.
 18280 | Orc:2    | Killed an orc warlord
 18313 | Orc:2    | Found Urphacall's Magic Scroll Boutique.
 18343 | Orc:2    | Bought a scroll of identify for 26 gold pieces
 18343 | Orc:2    | Bought a scroll of identify for 26 gold pieces
 18343 | Orc:2    | Bought a scroll of identify for 26 gold pieces
 18690 | Orc:2    | Noticed an orc warlord
 18703 | Orc:2    | Received a gift from Trog
 18713 | Orc:2    | Killed an orc warlord
 18954 | D:12     | Found a roughly hewn altar of Beogh.
 19059 | D:12     | Found a shimmering altar of Xom.
 19490 | D:12     | Received a gift from Trog
 19669 | D:13     | Found a gate to the Vaults.
 19999 | D:13     | Reached XP level 16. HP: 151/151 MP: 5/15
 20601 | Swamp:1  | Entered Level 1 of the Swamp
 20664 | Swamp:1  | Got a twitching platinum ring
 21230 | Swamp:2  | Received a gift from Trog
 21263 | Swamp:2  | Identified the ring "Kuyl" {Ice rN+ Str-3 Dex+2 SInv} (You found it on level 1 of the Swamp)
 21330 | Swamp:2  | Noticed a thorn hunter
 21343 | Swamp:2  | Killed a thorn hunter
 22915 | Swamp:4  | Entered Level 4 of the Swamp
 22920 | Swamp:4  | Received a gift from Trog
 23079 | Swamp:4  | Noticed a thorn hunter
 23090 | Swamp:4  | Killed a thorn hunter
 23119 | Swamp:4  | Received a gift from Trog
 23145 | Swamp:4  | Got a decaying rune of Zot
 23621 | Snake:1  | Entered Level 1 of the Snake Pit
 23660 | Snake:1  | Reached XP level 17. HP: 138/161 MP: 16/16
 24025 | Snake:1  | Received a gift from Trog
 24484 | Snake:2  | Found a sparkling altar of Nemelex Xobeh.
 24745 | Snake:2  | Received a gift from Trog
 25213 | Snake:3  | Noticed Aizul
 25248 | Snake:3  | Killed Aizul
 25394 | Snake:3  | Found Kioss's Book Shop.
 26464 | Snake:4  | Entered Level 4 of the Snake Pit
 26590 | Snake:4  | Received a gift from Trog
 26908 | Snake:4  | Received a gift from Trog
 27031 | Snake:4  | Reached XP level 18. HP: 155/172 MP: 17/17
 27105 | Snake:4  | Received a gift from Trog
 27137 | Snake:4  | HP: 6/173 [naga warrior/glaive (3)]
 27710 | Snake:4  | Got a serpentine rune of Zot
 28209 | Vaults:1 | Entered Level 1 of the Vaults
 28229 | Vaults:1 | Received a gift from Trog
 28359 | Vaults:1 | Noticed Jorgrun
 28404 | Vaults:1 | Killed Jorgrun
 28946 | Vaults:1 | Reached XP level 19. HP: 180/182 MP: 18/18
 28959 | Vaults:1 | Received a gift from Trog
 29587 | Vaults:1 | Found Uturatak's Armour Boutique.
 29591 | Vaults:1 | Bought the +1 pair of boots of an ossuary {Dex+7} for 374 gold pieces
 29766 | Vaults:2 | Received a gift from Trog
 29951 | Vaults:2 | Noticed Donald
 29957 | Vaults:2 | Killed Donald
 30125 | Vaults:2 | Got a pair of crude gloves
 30136 | Vaults:2 | Identified the cursed +0 pair of gloves "Inaal" {*Contam *Drain rPois rC+++} (You found it on level 2 of the Vaults)
 30161 | Vaults:2 | Gained mutation: You are agile. (Dex +2) [mutagenic glow]
 30241 | Vaults:2 | Noticed Mara
 30259 | Vaults:2 | Noticed shmeve's illusion
 30304 | Vaults:2 | Killed Mara
 30733 | Vaults:2 | Received a gift from Trog
 30736 | Vaults:2 | Paralysed by a great orb of eyes for 4 turns
 30994 | Vaults:3 | Noticed Mennas
 31030 | Vaults:3 | Killed Mennas
 31210 | Vaults:3 | Reached skill level 15 in Armour
 31252 | Vaults:3 | Reached XP level 20. HP: 190/193 MP: 19/19
 31264 | Vaults:3 | Found a staircase to the Crypt.
 31753 | Vaults:3 | Received a gift from Trog
 32143 | Vaults:3 | Found Wucriph's Assorted Antiques.
 32252 | Vaults:3 | Received a gift from Trog
 32578 | Vaults:4 | Received a gift from Trog
 32629 | Vaults:4 | Found Yrrilar's Book Shoppe.
 33251 | Vaults:4 | Paralysed by a great orb of eyes for 7 turns
 33275 | Vaults:4 | Received a gift from Trog
 33309 | Vaults:4 | Reached XP level 21. HP: 193/203 MP: 20/20
 33498 | Vaults:4 | Received a gift from Trog
 33704 | Vaults:5 | Entered Level 5 of the Vaults
 33726 | Vaults:5 | Noticed a golden dragon
 33741 | Vaults:5 | Killed a golden dragon
 33760 | Vaults:5 | Noticed a golden dragon
 33799 | Vaults:5 | Received a gift from Trog
 34098 | Vaults:5 | Noticed a golden dragon
 34106 | Vaults:5 | Killed a golden dragon
 34110 | Vaults:5 | Received a gift from Trog
 34113 | Vaults:5 | Noticed a golden dragon
 34126 | Vaults:5 | Killed a golden dragon
 34443 | Vaults:5 | Reached XP level 22. HP: 121/213 MP: 7/21
 34447 | Vaults:5 | Paralysed by a sphinx for 2 turns
 34718 | Vaults:5 | Killed a golden dragon
 34927 | Vaults:5 | Noticed a golden dragon
 34937 | Vaults:5 | Killed a golden dragon
 34937 | Vaults:5 | Received a gift from Trog
 34957 | Vaults:5 | Got a silver rune of Zot
 35189 | Vaults:5 | Received a gift from Trog
 35838 | Elf:1    | Entered Level 1 of the Elven Halls
 36017 | Elf:1    | Gained mutation: You are partially covered in yellow scales (AC +2). [potion of beneficial mutation]
 36045 | Elf:1    | Reached skill level 15 in Dodging
 36052 | Elf:1    | Received a gift from Trog
 36714 | Elf:2    | Found Lowogh's Book Emporium.
 36785 | Elf:2    | Received a gift from Trog
 36906 | Elf:2    | Received a gift from Trog
 37032 | Elf:2    | Found a huge runed gate.
 37032 | Elf:2    | Found a huge runed gate.
 37032 | Elf:2    | Found a huge runed gate.
 37032 | Elf:2    | Found a huge runed gate.
 37033 | Elf:2    | Found a huge runed gate.
 37322 | Elf:2    | Received a gift from Trog
 37531 | Elf:2    | Received a gift from Trog
 37644 | Elf:3    | Entered Level 3 of the Elven Halls
 37644 | Elf:3    | Found Arghunim's Magic Scroll Shop.
 38105 | Elf:3    | Reached XP level 23. HP: 221/224 MP: 22/22
 38114 | Elf:3    | Received a gift from Trog
 38209 | Elf:3    | Got a brightly glowing jade ring
 38247 | Elf:3    | Got a fine bronze ring
 38249 | Elf:3    | Identified the ring of Atag {rPois rF+ MP+9 Str+4} (You found it on level 3 of the Elven Halls)
 38252 | Elf:3    | Identified the ring of Oghuizen {rN+ MR+ Int+2 Dex+3 Stlth+} (You found it on level 3 of the Elven Halls)
 38424 | Elf:3    | Got a twitching granite ring
 38468 | Elf:3    | Got a shimmering garnet amulet
 38472 | Elf:3    | Identified the ring of Undoing {SustAt rElec rN++ Stlth-} (You found it on level 3 of the Elven Halls)
 38474 | Elf:3    | Identified the amulet "Ypniol" {Reflect Str+3 Dex+3 SH+3} (You found it on level 3 of the Elven Halls)
 38483 | Elf:3    | Got a warped war axe
 38484 | Elf:3    | Identified the +6 war axe "Tud Jece" {elec, rElec rF+++ Str+2 Dex-5} (You found it on level 3 of the Elven Halls)
 38804 | D:14     | Received a gift from Trog
 38874 | D:15     | Entered Level 15 of the Dungeon
 38931 | D:15     | Found a labyrinth entrance.
 38938 | Lab      | Entered a labyrinth
 39188 | D:15     | Noticed Lightli's ghost (adept TrFi)
 39205 | D:15     | Killed Lightli's ghost
 39552 | D:15     | Found a staircase to the Depths.
 39816 | Depths:1 | Entered Level 1 of the Depths
 39861 | Depths:1 | Reached skill level 15 in Throwing
 39973 | Depths:1 | Received a gift from Trog
 40000 | Depths:1 | Found a gateway to Hell.
 40083 | Depths:1 | Received a gift from Trog
 40857 | Depths:2 | Noticed Margery
 40877 | Depths:2 | Killed Margery
 41029 | Depths:2 | Reached XP level 24. HP: 235/235 MP: 22/22
 41053 | Depths:2 | Received a gift from Trog
 41075 | Depths:2 | Noticed Asterion
 41081 | Depths:2 | Killed Asterion
 41083 | Depths:2 | Noticed Norris
 41093 | Depths:2 | Killed Norris
 41362 | Depths:2 | Noticed Sojobo
 41375 | Depths:2 | Killed Sojobo
 41529 | Depths:2 | Received a gift from Trog
 41942 | Depths:3 | Found a one-way gate to the infinite horrors of the Abyss.
 42113 | Depths:3 | Found a one-way gate leading to the halls of Pandemonium.
 42129 | Depths:3 | Received a gift from Trog
 42273 | Depths:3 | Found a gateway to a ziggurat.
 42295 | Zig:1    | Entered Level 1 of a ziggurat
 42442 | Zig:2    | Entered Level 2 of a ziggurat
 42470 | Zig:3    | Entered Level 3 of a ziggurat
 42498 | Zig:4    | Entered Level 4 of a ziggurat
 42706 | Zig:5    | Entered Level 5 of a ziggurat
 42740 | Zig:6    | Entered Level 6 of a ziggurat
 42748 | Zig:6    | Noticed a greater mummy
 42768 | Zig:6    | Killed a greater mummy
 42784 | Zig:6    | Gained mutation: You possess an exceptional clarity of mind. [potion of beneficial mutation]
 42807 | Zig:6    | Reached XP level 25. HP: 151/245 MP: 22/22
 42911 | Zig:7    | Entered Level 7 of a ziggurat
 43037 | Zig:8    | Entered Level 8 of a ziggurat
 43043 | Zig:8    | Noticed Odayzxa the pandemonium lord
 43045 | Zig:8    | Noticed Jiuzailiott the pandemonium lord
 43096 | Zig:8    | Killed Odayzxa the pandemonium lord
 43105 | Zig:8    | Killed Jiuzailiott the pandemonium lord
 43131 | Zig:8    | Got a serpentine amber ring
 43134 | Zig:8    | Identified the ring "Vuosin" {rF+ Str+3 Dex-5 Stlth+} (You found it on level 8 of a ziggurat)
 43203 | Zig:9    | Entered Level 9 of a ziggurat
 43219 | Zig:9    | Received a gift from Trog
 43270 | Zig:10   | Entered Level 10 of a ziggurat
 43516 | Depths:3 | Received a gift from Trog
 43516 | Depths:3 | Reached XP level 26. HP: 254/254 MP: 22/22
 43596 | Depths:3 | Received a gift from Trog
 43820 | Depths:3 | Received a gift from Trog
 43965 | Depths:3 | Received a gift from Trog
 44349 | Depths:4 | Received a gift from Trog
 44471 | Depths:4 | Got a crude cloak
 44482 | Depths:4 | Identified the +1 cloak of Syhaeh {Str+4} (You acquired it on level 4 of the Depths)
 44965 | Depths:4 | Got a bound turquoise ring
 44966 | Depths:4 | Identified the ring "Mit Luha" {Str+2 Int+3} (You found it on level 4 of the Depths)
 45146 | Depths:4 | Received a gift from Trog
 45153 | Depths:4 | Cast into level 4 of the Abyss (a distortion unwield)
 45261 | Abyss:5  | Entered Level 5 of the Abyss
 45261 | Abyss:5  | Found a corrupted altar of Lugonu.
 45331 | Abyss:5  | Paralysed by accursed screaming for 1 turns
 45376 | Abyss:5  | Found an ancient bone altar of Kikubaaqudgha.
 45385 | Abyss:5  | Found a basalt altar of Yredelemnul.
 45456 | Depths:4 | Escaped the Abyss
 45528 | Depths:5 | Entered Level 5 of the Depths
 45778 | Depths:5 | Received a gift from Trog
 45955 | Depths:5 | Reached XP level 27. HP: 263/263 MP: 22/22
 45966 | Depths:5 | Found a gate to the Realm of Zot.
 46445 | Depths:5 | Received a gift from Trog
 46519 | Zot:1    | Entered Level 1 of the Realm of Zot
 46637 | Zot:1    | Received a gift from Trog
 47799 | Zot:2    | Received a gift from Trog
 49131 | Zot:3    | Received a gift from Trog
 49723 | Zot:3    | Received a gift from Trog
 50485 | Zot:5    | Entered Level 5 of the Realm of Zot
 50611 | Zot:5    | Noticed an ancient lich
 50622 | Zot:5    | Killed an ancient lich
 50655 | Zot:5    | Noticed an orb of fire
 50657 | Zot:5    | Gained mutation: You occasionally shout uncontrollably at your foes. [an orb of fire]
 50670 | Zot:5    | Killed an orb of fire
 50892 | Zot:5    | Received a gift from Trog
 50905 | Zot:5    | Got the Orb of Zot
 50906 | Zot:5    | Noticed an orb of fire
 50916 | Zot:5    | Noticed an orb of fire
 50919 | Zot:5    | Noticed an ancient lich
 50920 | Zot:5    | Noticed an orb of fire
 50920 | Zot:5    | Gained mutation: You regenerate slowly when monsters are visible. [an orb of fire]
 50920 | Zot:5    | Gained mutation: You are dopey. (Int -2) [an orb of fire]
 50928 | Zot:5    | Gained mutation: You expend magic power (3 MP) to strengthen your wands. [an orb of fire]
 50931 | Zot:5    | Gained mutation: Your body sometimes deteriorates upon taking damage. [an orb of fire]
 50933 | Zot:5    | HP: 5/270 [orb of fire/fireball (43)]
 50934 | Zot:5    | Killed from afar by an orb of fire

Skill      XL: |  1  2  3  4  5  6  7  8  9 10 11 12 13 14 15 16 17 18 19 20 21 22 23 24 25 26 27 |
---------------+----------------------------------------------------------------------------------+-----
Shields        | 4 5 6 7 9 10 11 12 14 15 16 17 18 19 20 21 22 23 24 26 | 26.5
Throwing       | 1 2 3 4 5 6 8 9 10 11 12 13 14 15 16 17 | 17.6
Fighting       | 4 5 6 7 8 10 11 12 13 14 16 17 18 19 20 21 22 23 24 26 | 26.6
Axes           | 3 4 5 6 8 9 11 12 13 14 15 16 17 18 19 20 21 22 23 24 26 | 26.6
Dodging        | 1 2 3 5 6 7 8 9 10 11 12 13 14 15 16 17 19 | 19.0
Armour         | 4 5 6 7 8 9 10 11 12 13 14 15 16 17 18 19 20 | 20.6

Action                   |  1- 3 |  4- 6 |  7- 9 | 10-12 | 13-15 | 16-18 | 19-21 | 22-24 | 25-27 || total
-------------------------+-------+-------+-------+-------+-------+-------+-------+-------+-------++-------
Melee: War axe           |    83 |    98 |   340 |   583 |  1105 |       |       |       |       ||  2209
       Headbutt          |    15 |    16 |    77 |   177 |   569 |   493 |   471 |   434 |   564 ||  2816
       Broad axe         |       |       |       |       |   599 |  1520 |  1255 |  1163 |  1397 ||  5934
Throw: Javelin           |       |       |       |       |    11 |    18 |    27 |    51 |    68 ||   175
Invok: Berserk           |       |       |     1 |    10 |    10 |     3 |     4 |     6 |     2 ||    36
       Burn Spellbooks   |       |       |     1 |       |     5 |     4 |     2 |    12 |     5 ||    29
       Trog's Hand       |       |       |       |     3 |    10 |     9 |     4 |     7 |     3 ||    36
Evoke: Wand              |       |       |       |       |       |       |       |       |     2 ||     2
  Use: Scroll            |       |       |       |       |    37 |    10 |     7 |    15 |    17 ||    86
       Potion            |       |       |       |       |     2 |       |     1 |     3 |    14 ||    20
 Stab: Confused          |       |       |       |       |       |     2 |       |       |     2 ||     4
       Distracted        |       |       |       |       |       |       |     2 |     2 |       ||     4
       Invisible         |       |       |       |       |       |       |       |       |    12 ||    12
  Eat: Chunk             |     2 |     4 |     8 |    13 |    45 |    21 |    22 |    31 |     8 ||   154
       Fruit             |       |       |     4 |    12 |     2 |     1 |       |     3 |     4 ||    26
       Pizza             |       |       |       |       |     1 |     5 |       |       |     3 ||     9
       Royal jelly       |       |       |       |       |       |     3 |       |       |     4 ||     7
       Beef jerky        |       |       |       |       |       |     1 |     2 |       |    13 ||    16
Armor: Scale mail        |    44 |    53 |       |       |       |       |       |       |       ||    97
       Chain mail        |       |    22 |   192 |   280 |   185 |       |       |       |       ||   679
       Crystal plate arm |       |       |       |       |   505 |   645 |   346 |   250 |   248 ||  1994
Dodge: Dodged            |    31 |    40 |   112 |   240 |   453 |   370 |   330 |   374 |   719 ||  2669
Block: Shield            |    62 |    72 |   220 |   392 |   619 |       |       |       |       ||  1365
       Large shield      |       |       |       |       |  1094 |  1943 |  1515 |  1362 |  1763 ||  7677
